 Dungeon Crawl Stone Soup version 0.31-a0-971-g75a2e9a4b4 (webtiles) character file.

Game seed: 4392174609767376059

2653 emrufus the Poker (level 9, -7/74 HPs)
             Began as a Red Draconian Ice Elementalist on Oct 29, 2023.
             Was a Follower of Elyvilon.
             Mangled by a shadow (11 damage)
             ... on level 7 of the Dungeon.
             The game lasted 01:18:26 (6246 turns).

emrufus the Poker (Red Draconian Ice Elementalist)  Turns: 6246, Time: 01:18:27

Health: -7/74      AC: 10    Str: 16    XL:     9   Next: 36%
Magic:  16/16      EV: 14    Int: 19    God:    Elyvilon [*.....]
Gold:   320        SH:  0    Dex: 16    Spells: 11/17 levels left

rFire   . . .        m - +11 spear of Zauvaf {freeze, rC+ Dex+3}
rCold   + + .        (no shield)
rNeg    . . .        (body armour unavailable)
rPois   .            (helmet restricted)
rElec   .            v - +0 cloak
rCorr   .            j - +0 pair of gloves
SInv    .            l - +0 pair of boots
Will    .....        (no amulet)
Stlth   +++          o - +6 ring of strength
HPRegen 0.32/turn    x - ring of ice
MPRegen 0.15/turn

%: no passive effects
@: attractive
A: breathe fire, AC +7, unfitting armour, fire resistance 1, cold-blooded
a: Breathe Fire, Renounce Religion, Purification


You were on level 7 of the Dungeon.
You worshipped Elyvilon.
Elyvilon was aware of your devotion.
You visited 2 branches of the dungeon, and saw 8 of its levels.

You collected 320 gold pieces.

Inventory:

Hand Weapons
 f - a +4 vampiric trident
 g - the +5 woodcutter's axe
   (You found it on level 6 of the Dungeon)
 m - the +11 spear of Zauvaf (weapon) {freeze, rC+ Dex+3}
   (You took it off a hobgoblin on level 2 of the Dungeon)

   Dex+3:     It affects your dexterity (+3).
   rC+:       It protects you from cold.
 w - a +0 lajatang
 z - a +0 heavy scythe
 C - a +6 heavy spear
Missiles
 e - 11 poisoned darts
 h - 46 stones
 k - 6 boomerangs
Armour
 i - +0 steam dragon scales
 j - a +0 pair of gloves (worn)
 l - a +0 pair of boots (worn)
 v - a +0 cloak (worn)
 D - a +0 kite shield
Jewellery
 o - a +6 ring of strength (left hand)
 p - a ring of wizardry
 t - a ring of protection from cold
 x - a ring of ice (right hand)
Wands
 b - a wand of paralysis (10)
 q - a wand of flame (13)
 r - a wand of roots (8)
Scrolls
 c - a scroll of poison {unknown}
 u - 2 scrolls of fear
 y - a scroll of blinking {unknown}
 E - a scroll of teleportation {unknown}
Potions
 a - a potion of magic
 d - 2 potions of might
 n - 2 potions of haste
 A - a potion of curing


   Skills:
 + Level 5.5 Fighting
 + Level 1.7 Maces & Flails
 * Level 6.3 Polearms
 + Level 5.3 Dodging
 + Level 4.3 Stealth
 + Level 0.4 Unarmed Combat
 + Level 4.9 Spellcasting
 + Level 0.6 Summonings
 + Level 4.6 Ice Magic


You had 11 spell levels left.
You knew the following spells:

 Your Spells              Type           Power      Damage    Failure   Level
a - Freeze                Ice            100%       1d10      1%          1
b - Frozen Ramparts       Ice            66%        1d10      5%          3
c - Call Imp              Summ           14%        N/A       14%         2

Your spell library contained the following spells:

 Spells                   Type           Power      Damage    Failure   Level
 Ozocubu's Armour         Ice            33%        N/A       5%          3
 Kiss of Death            Conj/Necr      16%        2d6       13%         1
 Magic Dart               Conj           16%        1d3       13%         1
 Confusing Touch          Hex            4%         N/A       36%         3
 Mephitic Cloud           Conj/Pois/Air  4%         N/A       36%         3
 Summon Ice Beast         Ice/Summ       22%        N/A       38%         4
 Dispel Undead            Necr           4%         3d7       77%         4
 Chain Lightning          Conj/Air       2%         3d2       100%        9
 Fire Storm               Conj/Fire      2%         8d1       100%        9
 Shatter                  Erth           2%         3d6*      100%        9


Dungeon Overview and Level Annotations

Branches:
Dungeon (7/15)             Temple (1/1) D:6

Altars:
Ashenzari
Cheibriados
Dithmenos
Elyvilon
Fedhas
Gozag
Hepliaklqana
Kikubaaqudgha
Makhleb
Nemelex Xobeh
Okawaru
Qazlal
Ru
Sif Muna
Uskayaw
Wu Jian
Xom
Yredelemnul
Zin
The Shining One

Shops:
D:1 !


Innate Abilities, Weirdness & Mutations

You can breathe blasts of fire.
Your fiery red scales are hard. (AC +7)
You cannot fit into any form of body armour.
Your flesh is heat resistant. (rF+)
You are cold-blooded and may be slowed by cold attacks.


Message History

The gargoyle is severely damaged.
The gargoyle barely misses you.
You hit the gargoyle but do no damage.
The gargoyle is severely damaged.
The gargoyle hits you with a +0 mace!
* * * LOW HITPOINT WARNING * * *
It was a potion of attraction.
You feel attractive to monsters.
The gargoyle hits you but does no damage.
Throw: 2 throwing nets
Press: ? - help, Q - select action, (/) - cycle Shift-Dir - straight line, f - gargoyle
Aim: a gargoyle, wielding a +0 mace (severely damaged, 74% to hit)
You throw a throwing net.
The throwing net completely misses the gargoyle.
The gargoyle misses you.
Throw: throwing net
Press: ? - help, Q - select action, (/) - cycle Shift-Dir - straight line, f/p - gargoyle
Aim: a gargoyle, wielding a +0 mace (severely damaged, 74% to hit)
You throw a throwing net.
The throwing net barely misses the gargoyle.
The gargoyle hurls a stone arrow at you.
The stone arrow misses you.
Aiming: Paralyse
Press: ? - help, Shift-Dir - straight line, f/p - gargoyle
Aim: a gargoyle, wielding a +0 mace (severely damaged, chance to affect: 31%)
The gargoyle easily resists.
The gargoyle hurls a stone arrow at you.
The stone arrow misses you.
You hit the gargoyle. You freeze the gargoyle.
The gargoyle is almost destroyed.
You hit the gargoyle but do no damage.
You tail-slap the gargoyle, but do no damage.
The gargoyle is almost destroyed.
The gargoyle hurls a stone arrow at you.
The stone arrow hits you.
* * * LOW HITPOINT WARNING * * *
You puncture the gargoyle! You freeze the gargoyle.
You destroy the gargoyle!
The shadow strikes at you from the darkness!
You die...

#.# #.# #.# #.#
#.# ..# .#$###.
#.) #.# ....)##
#.# #.# W#?###.
#.# #.# C###.
###.# #.# .#..
###8.#..
#@###9.####8^..#..
##).#.###8....8#.#
##(.##8....~..#.#
###.....~8..8#.#
###8....~..#.#
###8....8#.#
###8...#..
###8.#.. ###...


There were no monsters in sight!

Vanquished Creatures
  A gargoyle (D:7)
  Jeremiah (D:6)
  A komodo dragon (D:7)
  Sigmund (D:5)
  Eustachio (D:5)
  A steam dragon (D:6)
  Menkaure (D:6)
  2 ice beasts
  An orc warrior (D:4)
  A sky beast (D:7)
  A black bear (D:6)
  2 ogres (D:5)
  A phantom (D:5)
  A bullfrog (D:6)
  3 gnoll sergeants (D:6)
  3 hounds
  An orc priest (D:7)
  Crazy Yiuf (D:4)
  A jelly (D:6)
  3 gnoll boudas
  A sleepcap (D:6)
  2 iguanas (D:6)
  Robin (D:2)
  12 gnolls
  5 adders
  A shadow imp (D:6)
  2 ufetubi (D:6)
  A worm (D:2)
  A dart slug (D:5)
  18 orcs
  4 ball pythons
  8 endoplasms
  A giant cockroach (D:1)
  14 goblins
  10 hobgoblins
  4 quokkas
  2 bats
  5 frilled lizards
  2 kobolds
  6 rats
128 creatures vanquished.

Notes
Turn   | Place    | Note
-------+----------+-------------------------------------------
     0 | D:1      | emrufus the Draconian Ice Elementalist began the quest for
                  | the Orb.
     0 | D:1      | Reached XP level 1. HP: 14/14 MP: 3/3
   300 | D:1      | Reached XP level 2. HP: 20/20 MP: 5/5
  1281 | D:1      | Found Waujuiti's Distillery.
  1410 | D:2      | Reached XP level 3. HP: 19/27 MP: 6/6
  1519 | D:2      | Noticed Robin
  1702 | D:1      | Learned a level 3 spell: Frozen Ramparts
  1795 | D:2      | Found a faded altar of an unknown god.
  1975 | D:2      | Killed Robin
  1992 | D:2      | Reached skill level 1 in Maces & Flails
  2342 | D:2      | Identified the +11 spear of Zauvaf {freeze, rC+ Dex+3}
  2455 | D:2      | Reached XP level 4. HP: 34/34 MP: 7/7
  2558 | D:3      | Found a hide-covered altar of Uskayaw.
  2565 | D:3      | Found a broken altar of Ashenzari.
  2565 | D:3      | Found a shimmering blue altar of Sif Muna.
  2624 | D:3      | Found an ancient bone altar of Kikubaaqudgha.
  2903 | D:3      | Learned a level 2 spell: Call Imp
  3293 | D:4      | Noticed an orc warrior
  3301 | D:4      | Killed an orc warrior
  3302 | D:4      | Reached skill level 1 in Polearms
  3302 | D:4      | Reached XP level 5. HP: 30/41 MP: 4/8
  3382 | D:4      | Reached skill level 5 in Ice Magic
  3432 | D:4      | Reached XP level 6. HP: 37/48 MP: 6/10
  3887 | D:4      | Found a runed translucent door.
  3888 | D:4      | Noticed Crazy Yiuf
  3893 | D:4      | Killed Crazy Yiuf
  3894 | D:4      | Reached skill level 2 in Polearms
  4090 | D:5      | Entered Level 5 of the Dungeon
  4142 | D:5      | Noticed an ice beast
  4154 | D:5      | Killed an ice beast
  4155 | D:5      | Reached skill level 3 in Polearms
  4155 | D:5      | Your scales start taking on a fiery red colour.
  4155 | D:5      | Reached XP level 7. HP: 55/55 MP: 9/11
  4155 | D:5      | Gained mutation: Your flesh is heat resistant. (rF+) [Red
                  | Draconian growth]
  4230 | D:5      | Noticed Eustachio
  4248 | D:5      | Killed Eustachio
  4249 | D:5      | Reached skill level 4 in Polearms
  4336 | D:5      | Noticed Sigmund
  4343 | D:5      | Killed Sigmund
  4344 | D:5      | Reached skill level 5 in Polearms
  4508 | D:5      | Reached XP level 8. HP: 61/64 MP: 13/13
  4887 | D:6      | Noticed Menkaure
  4891 | D:6      | Killed Menkaure
  5255 | D:6      | Noticed Jeremiah
  5292 | D:6      | Killed Jeremiah
  5370 | D:6      | Found a staircase to the Ecumenical Temple.
  5411 | D:6      | Found the +5 woodcutter's axe
  5433 | D:6      | Reached XP level 9. HP: 15/73 MP: 8/16
  5435 | D:6      | Reached skill level 5 in Fighting
  5749 | Temple   | Entered the Ecumenical Temple
  5763 | Temple   | Became a worshipper of Elyvilon the Healer
  6117 | D:7      | Reached skill level 5 in Dodging
  6151 | D:7      | Reached * piety under Elyvilon
  6215 | D:7      | Noticed a cyclops
  6215 | D:7      | Noticed a gargoyle
  6215 | D:7      | Noticed a komodo dragon
  6220 | D:7      | Reached skill level 6 in Polearms
  6231 | D:7      | Killed a komodo dragon
  6245 | D:7      | HP: 3/74 [gargoyle/stone arrow (2)]
  6246 | D:7      | Killed a gargoyle
  6246 | D:7      | Mangled by a shadow

Illustrated notes

Levels and vault maps discovered:
D:1:      eino_arrival_cavern_d, layout_basic, serial_shops,
          nicolae_shop_statue_plus, amcnicky_mini_corridor_feature
D:2:      layout_basic, ebering_ecumenical_altar_box, uniq_robin
D:3:      layout_loops_cross, kiku_gazebo_garden_becter,
          grunt_temple_overflow_open
D:4:      layout_basic, lemuel_flame_loot_1, uniq_crazy_yiuf_cottage
D:5:      layout_basic, palyth_stone_intersect, uniq_eustachio, uniq_sigmund
D:6:      layout_layer_cave, general_overflow_altar,
          minmay_temple_entry_drinking_statues, pf_guarded_unrand_woodcutter,
          uniq_jeremiah, uniq_menkaure
D:7:      minmay_the_grid_triangle_9x9_recursive_2
          [minmay_the_grid_triangle_9x9_prize_top_heavy,
          minmay_the_grid_triangle_9x9_shrine,
          minmay_the_grid_triangle_9x9_corruption,
          minmay_the_grid_triangle_9x9_cache], layout_layer_cave,
          chequers_avenue, uniq_pikel
Temple:   lightli_temple_of_artemis

Skill      XL: |  1  2  3  4  5  6  7  8  9 |
---------------+----------------------------+-----
Dodging        | 2 4 5 |  5.3
Stealth        | 2 3 4 |  4.3
Maces & Flails | 1 |  1.7
Fighting       | 2 3 4 5 |  5.5
Polearms       | 1 3 5 6 |  6.3
Ice Magic      | 5 4 |  4.6
Spellcasting   | 3 4 |  4.9
Unarmed Combat | |  0.4
Summonings     | |  0.6

Action                     |  1- 3 |  4- 6 |  7- 9 || total
---------------------------+-------+-------+-------++-------
  Melee: Unarmed           |    31 |       |       ||    31
         Dagger            |    25 |       |       ||    25
         Tailslap          |    19 |     6 |    23 ||    48
         Whip              |    96 |       |       ||    96
         Spear             |     1 |    60 |   148 ||   209
         Trident           |     1 |       |       ||     1
         Punch             |       |       |     2 ||     2
  Throw: Throwing net      |       |       |     2 ||     2
   Cast: Freeze            |     5 |       |       ||     5
         Frozen Ramparts   |     2 |     4 |    10 ||    16
         Call Imp          |       |     2 |     1 ||     3
  Evoke: Wand              |       |       |     1 ||     1
    Use: Scroll            |       |       |    10 ||    10
         Potion            |       |       |     2 ||     2
   Stab: Sleeping          |     6 |     1 |     2 ||     9
 Armour: Skin              |    72 |    22 |   146 ||   240
  Dodge: Dodged            |    97 |    34 |   210 ||   341

Table legend: (Time is in decaauts)
 A = Elapsed time spent in this place.
 B = Non-inter-level travel time spent in this place.
 C = Inter-level travel time spent in this place.
 D = Time resting spent in this place.
 E = Time spent auto-exploring this place.
 F = Levels seen in this place.
 G = Mean time per level.
                   A        B        C        D        E       F      G
               +--------+--------+--------+--------+--------+-----+--------+
         Total |   6231 |   6222 |      9 |   1422 |   1227 |   8 |  778.9 |
       Dungeon |   6171 |   6171 |      0 |   1422 |   1227 |   7 |  881.6 |
        Temple |     60 |     51 |      9 |      0 |      0 |   1 |   60.0 |
               +--------+--------+--------+--------+--------+-----+--------+

Top non-repeatable levels by time:
     D:1: 1511 daAuts
     D:6: 1480 daAuts
     D:2: 989 daAuts
     D:4: 821 daAuts
     D:3: 777 daAuts
     D:5: 415 daAuts
     D:7: 174 daAuts
  Temple: 60 daAuts
